 Dungeon Crawl Stone Soup version 0.31.0-32-g396128a36d (webtiles) character file.

Game seed: 10286614161889613944

221 apex the Chopper (level 5, -1/47 HPs)
             Began as a Minotaur Fighter on Mar 30, 2024.
             Slain by a gnoll
             ... wielding a +0 halberd
              (4 damage)
             ... on level 4 of the Dungeon.
             The game lasted 00:04:46 (2754 turns).

apex the Chopper (Minotaur Fighter)                 Turns: 2754, Time: 00:04:47

Health: -1/47      AC:  8    Str: 22    XL:     5   Next: 65%
Magic:  4/4        EV:  9    Int:  5    God:
Gold:   178        SH:  4    Dex: 10    Spells: 4/4 levels left

rFire   . . .        (no weapon)
rCold   . . .        c - +0 buckler
rNeg    . . .        b - +0 scale mail
rPois   .            (helmet restricted)
rElec   .            (no cloak)
rCorr   .            (no gloves)
SInv    .            m - +0 pair of boots
Will    .....        (no amulet) Stlth
                     (no ring)
HPRegen 0.27/turn    (no ring)
MPRegen 0.09/turn

%: no passive effects
@: lethally poisoned (-1 -> -4)
A: horns 2, retaliatory headbutt
a: no special abilities


You were on level 4 of the Dungeon.
You visited 1 branch of the dungeon, and saw 4 of its levels.

You collected 178 gold pieces.

Inventory:

Missiles
 j - 2 poisoned darts (quivered)
Armour
 b - a +0 scale mail (worn)
 c - a +0 buckler (worn)
 m - a +0 pair of boots (worn)
Jewellery
 g - a ring of protection from fire
Scrolls
 f - 2 scrolls of teleportation
 h - a scroll of identify
Potions
 d - a potion of might
 k - a potion of curing
 l - a potion of haste
 p - a potion of heal wounds


   Skills:
 + Level 4.6 Fighting
 * Level 4.9 Axes
 + Level 4.7 Armour
 + Level 4.7 Shields


You had 4 spell levels left.
You didn't know any spells.
Your spell library contained the following spells:

 Spells                   Type           Power      Damage    Failure   Level
 Freeze                   Ice            0%         1d3       85%         1
 Frozen Ramparts          Ice            0%         1d1       99%         3
 Gell's Gravitas          Tloc           0%         N/A       99%         3
 Hailstorm                Conj/Ice       0%         3d5       99%         3
 Teleport Other           Tloc           0%         N/A       99%         3
 Dispersal                Tloc           0%         N/A       100%        6


Dungeon Overview and Level Annotations

Branches:
Dungeon (4/15)             Temple (0/1) D:4

Altars:
Ru


Innate Abilities, Weirdness & Mutations

You have a pair of horns on your head.
You reflexively headbutt those who attack you in melee.


Message History

You closely miss the gnoll. You block the gnoll's attack. x2
You barely miss the gnoll. You block the adder's attack.
The gnoll hits you with a +0 club.
The gnoll hits you from afar with a +0 spear.
The endoplasm freezes you.
You are frozen.
The adder bites you.
You are poisoned.
The adder poisons you!
You hit the gnoll. Your headbutt misses the gnoll.
The gnoll is lightly wounded.
You feel sick. The gnoll barely misses you.
The adder bites you but does no damage. You block the gnoll's attack.
The endoplasm hits you but does no damage.
You block the gnoll's attack.
You hit the gnoll.
The gnoll is lightly wounded.
You feel sick. The adder bites you. You block the gnoll's attack.
The gnoll hits you but does no damage. The endoplasm freezes you.
You are frozen.
The gnoll barely misses you.
You hit the gnoll but do no damage. You headbutt the gnoll.
The gnoll is moderately wounded.
You feel sick. The adder bites you but does no damage.
The gnoll hits you with a +0 club.
* * * LOW HITPOINT WARNING * * *
The gnoll closely misses you. The endoplasm barely misses you.
The gnoll closely misses you. The adder barely misses you.
You furiously retaliate!
You headbutt the adder. You closely miss the gnoll.
The gnoll is moderately wounded.
You feel sick. The gnoll hits you with a +0 club.
* * * LOW HITPOINT WARNING * * *
The gnoll hits you from afar with a +0 spear.
* * * LOW HITPOINT WARNING * * *
The endoplasm freezes you.
You are frozen.
* * * LOW HITPOINT WARNING * * *
You block the adder's attack.
The gnoll hits you from afar with a +0 halberd.
You die...

.........########....
#.<.............
##..##.)8.8.8...
...#.....⌠.⌠.⌠...
#...#....(........
#........g..>.##..
.......###gg.......
#.......##Jg#.#.....
.........#S@#..#.###
............###
...?...#......#
........##....#
......... ...##
.....##.. ..## ..##.
##. # ## .#


You could see 4 gnolls, an adder and an endoplasm.

Vanquished Creatures
  A bombardier beetle (D:3)
  An orc priest (D:3)
  A gnoll (D:1)
  3 river rats (D:3)
  5 adders (D:3)
  5 ribbon worms
  2 dart slugs
  2 orcs (D:3)
  6 endoplasms
  2 giant cockroaches
  6 goblins
  4 hobgoblins
  2 jackals (D:1)
  A kobold (D:1)
  2 quokkas
  5 ball pythons
  2 frilled lizards (D:1)
  9 rats
59 creatures vanquished.

Notes
Turn   | Place    | Note
-------+----------+-------------------------------------------
     0 | D:1      | apex the Minotaur Fighter began the quest for the Orb.
     0 | D:1      | Reached XP level 1. HP: 19/19 MP: 0/0
   189 | D:1      | Reached XP level 2. HP: 27/27 MP: 1/1
   557 | D:1      | Reached XP level 3. HP: 33/33 MP: 2/2
  1694 | D:3      | Reached XP level 4. HP: 40/40 MP: 3/3
  1818 | D:3      | Reached XP level 5. HP: 25/47 MP: 4/4
  1899 | D:3      | Found a faded altar of an unknown god.
  1904 | D:3      | Found a transporter.
  1929 | D:3      | Found a transporter.
  1932 | D:3      | Found a sacrificial altar of Ru.
  2335 | D:3      | Found a glowing drain.
  2732 | D:4      | Found a staircase to the Ecumenical Temple.
  2754 | D:4      | Slain by a gnoll

Illustrated notes

Levels and vault maps discovered:
D:1:      erik_arrival_triangle_small, layout_loops_corners, serial_park_tiny_1
D:2:      layout_loops_ring
D:3:      gammafunk_wand_slinger, layout_basic, mainiacjoe_overflow_paths,
          lightli_sewer_entry_pipes, dreamdust_ecumenical_altar_statues,
          grunt_decor_cap, dk_noncrumbling_2
D:4:      layout_cave_pools, minmay_temple_entry_drinking_statues,
          small_statue_intersection, uniq_pikel

Skill      XL: |  1  2  3  4 |
---------------+-------------+-----
Axes           | 3 4 |  4.9
Shields        | 4 |  4.7
Fighting       | 4 |  4.6
Armour         | 4 |  4.7

Action                     |  1- 3 |  4- 6 || total
---------------------------+-------+-------++-------
  Melee: War axe           |    68 |    63 ||   131
         Headbutt          |     4 |     7 ||    11
         Unarmed           |       |    12 ||    12
    Use: Scroll            |     4 |     3 ||     7
 Armour: Scale mail        |    37 |    64 ||   101
  Dodge: Dodged            |    37 |    39 ||    76
  Block: Buckler           |    14 |    31 ||    45
